 Dungeon Crawl Stone Soup version 0.28.0 (console) character file.

Game seed: 11788918003051246463

2882 ryathie the Quickloader (level 9, -10/102 HPs)
             Began as a Demonspawn Gladiator on Feb 13, 2022.
             Was a Priest of Okawaru.
             Killed from afar by a gargoyle (12 damage)
             ... with a stone arrow
             ... in a bailey.
             The game lasted 00:22:12 (8866 turns).

ryathie the Quickloader (Demonspawn Gladiator)      Turns: 8866, Time: 00:22:12

Health: -10/102    AC: 24    Str: 19    XL:     9   Next: 48%
Magic:  12/12      EV:  2    Int: 11    God:    Okawaru [***...]
Gold:   331        SH:  0    Dex: 15    Spells: 8/8 levels left

rFire   + . .      SeeInvis .   b - +0 hand crossbow
rCold   . . .      Faith    .   (no shield)
rNeg    . . .      Spirit   .   (armour currently unavailable)
rPois   +          Reflect  .   (helmet currently unavailable)
rElec   .          Harm     .   (cloak currently unavailable)
rCorr   .          Rampage  .   (gloves currently unavailable)
Will    .....      NoTele   +   (boots currently unavailable)
Stlth   +++.......              y - amulet of the acrobat
HPRegen 0.27/turn               s - ring of protection from fire
MPRegen 0.13/turn               (no ring)

@: tree-form, heroic
A: stationary, stasis, torment immunity, boosted hp, (icy blue scales 2),
powered by death 1, (weakness stinger 2), (talons 1), clever 1, wild magic 1
a: Renounce Religion, Heroism


You were in a bailey.
You worshipped Okawaru.
Okawaru was most pleased with you.
You were a tree.
You visited 1 branch of the dungeon, and saw 7 of its levels.
You also visited: Sewer and Bailey.

You collected 350 gold pieces.
You spent 19 gold pieces at shops.

Inventory:

Hand Weapons
 a - a +0 war axe
 b - a +0 hand crossbow (weapon)
Missiles
 d - 2 throwing nets
 g - 37 bolts (quivered ammo)
 r - 2 curare-tipped darts
 t - 2 poisoned darts
Armour
 c - a +0 helmet (melded)
 q - a +3 scale mail (melded)
 v - a +0 pair of boots (melded)
Jewellery
 s - a ring of protection from fire (left branch)
 y - an amulet of the acrobat (around neck)
Wands
 e - a wand of paralysis (3)
 h - a wand of iceblast (4)
 B - a wand of polymorph (10)
Scrolls
 j - a scroll of fear
 k - a scroll of blinking
 l - 2 scrolls of amnesia
 m - 2 scrolls of enchant armour {unknown}
 o - 2 scrolls of noise
 p - 3 scrolls of vulnerability
 x - a scroll of fog {unknown}
 C - 2 scrolls of teleportation {unknown}
 D - a scroll of immolation {unknown}
Potions
 f - 3 potions of curing
 i - 5 potions of might
 n - 3 potions of lignification
 u - 3 potions of mutation
 w - a potion of haste
 z - a potion of degeneration {unknown}
 A - a potion of attraction {unknown}
 E - 3 potions of resistance


   Skills:
 + Level 5.3(10.3) Fighting
 - Level 2.6(7.6) Axes
 - Level 10.0(15.0) Crossbows
 - Level 2.0(7.0) Throwing
 - Level 2.6(7.6) Dodging
 - Level 4.0 Invocations
 - Level 4.0 Evocations


You had 8 spell levels left.
You didn't know any spells.
Your spell library contained the following spells:

 Spells                   Type           Power      Damage    Failure   Level
 Slow                     Hex            0%         N/A       43%         1
 Sting                    Tmut/Pois      0%         1d3       43%         1
 Poisonous Vapours        Pois/Air       0%         N/A       56%         2
 Scorch                   Fire           0%         2d5       56%         2
 Confusing Touch          Hex            0%         N/A       78%         3
 Vampiric Draining        Necr           0%         2d6       78%         3
 Flame Wave               Conj/Fire      0%         2d4       99%         4
 Olgreb's Toxic Radiance  Pois           0%         N/A       99%         4
 Conjure Ball Lightning   Conj/Air       0%         3x3d6     100%        6
 Discord                  Hex            0%         N/A       100%        8
 Disjunction              Tloc           0%         N/A       100%        8
 Summon Cactus Giant      Summ           Unusable   N/A       N/A         6

Dungeon Overview and Level Annotations

Branches:
Dungeon (7/15)              Sewer (visited)          Bailey (1/1)
 Temple: D:4-7

Altars:
Okawaru
The Shining One

Shops:
D:1 *[(=(   D:2 (   D:5 *


Innate Abilities, Weirdness & Mutations

You are a tree.
Your roots penetrate the ground, keeping you stationary.
You cannot be teleported.
You are immune to unholy pain and torment.
Your maximum health is greatly increased.
Your equipment is partially melded.
((You are mostly covered in icy blue scales. (AC +3)))
You regenerate a little health from kills.
((You have a tail ending in a sharp stinger.))
((You have sharp toenails.))
Your mind is acute. (Int +2)
Your spells are a little harder to cast, but a little more powerful.


Message History

Your +0 helmet melds into your body.
Your +0 pair of boots melds into your body.
Your +3 scale mail melds into your body.
Your roots penetrate the ground.
The gargoyle hits you but does no damage.
Fire: 41 bolts
Press: ? - help, Q - select action, (/) - cycle Shift-Dir - straight line, f/p - gargoyle
Aim: a gargoyle, wielding a +4 flail (heavily damaged, 82% to hit)
You shoot a bolt.
The bolt hits the gargoyle but does no damage.
The gargoyle is heavily damaged.
The gargoyle hits you with a +4 flail!
* * * LOW HITPOINT WARNING * * *
Fire: 40 bolts
Press: ? - help, Q - select action, (/) - cycle Shift-Dir - straight line, f/p - gargoyle
Aim: a gargoyle, wielding a +4 flail (heavily damaged, 82% to hit)
You shoot a bolt.
The bolt hits the gargoyle but does no damage.
The gargoyle is heavily damaged.
The gargoyle hurls a stone arrow at you.
The stone arrow misses you.
Fire: 39 bolts
Press: ? - help, Q - select action, (/) - cycle Shift-Dir - straight line, f/p - gargoyle
Aim: a gargoyle, wielding a +4 flail (heavily damaged, 82% to hit)
You shoot a bolt.
The bolt hits the gargoyle but does no damage.
The gargoyle is heavily damaged.
The gargoyle hurls a stone arrow at you.
The stone arrow hits you!
* * * LOW HITPOINT WARNING * * *
Okay, then.
Fire: 38 bolts
Press: ? - help, Q - select action, (/) - cycle Shift-Dir - straight line, f/p - gargoyle
Aim: a gargoyle, wielding a +4 flail (heavily damaged, 82% to hit)
You shoot a bolt.
The bolt hits the gargoyle but does no damage.
The gargoyle is heavily damaged.
The gargoyle hurls a stone arrow at you.
The stone arrow hits you!
You die...

#....#..#.......♣...#####
#....####...#........
#..)))....####.......
#....'...##..##
#....#...#....########
#....#...............8
####'#......#.........
#..#8....##...##++#
#..#######9♣.##
#..#8...((..##
#..#.......8#
#############


You could see a gargoyle.

Vanquished Creatures
  A troll (D:5)
  An orc warrior (D:5)
  An ice beast (D:6)
  A sky beast (D:5)
  2 black bears (D:6)
  3 ogres
  3 phantoms (D:5)
  Blork the orc (D:4)
  2 bullfrogs (Sewer)
  2 scorpions
  A howler monkey (D:4)
  5 wolf zombies (Bailey)
  6 vampire bats (Bailey)
  2 centaur zombies
  2 hounds (D:6)
  A gnoll shaman (D:6)
  3 orc priests
  A jelly (D:5)
  2 centaur skeletons
  3 iguanas
  Ijyb (D:5)
  5 orc wizards
  A scorpion zombie (D:5)
  A killer bee zombie (D:5)
  A howler monkey skeleton (D:5)
  15 orc zombies (Bailey)
  4 adders
  9 gnolls
  An ufetubus (D:5)
  A worm (D:4)
  2 adder skeletons
  A dart slug (D:3)
  11 orcs
  11 endoplasms
  15 giant cockroaches
  10 goblins
  8 hobgoblins
  6 jackals (D:2)
  8 quokkas
  20 ball pythons
  6 bats
  12 frilled lizards
  6 kobolds
  6 rats
204 creatures vanquished.

Notes
Turn   | Place    | Note
-------+----------+-------------------------------------------
     0 | D:1      | ryathie the Demonspawn Gladiator began the quest for the
                  | Orb.
     0 | D:1      | Reached XP level 1. HP: 16/16 MP: 1/1
    20 | D:1      | Found Qoaxket's Jewellery Emporium.
    78 | D:1      | Found Rymetamo's General Store.
   166 | D:1      | Gained mutation: You have a small tail. [demonic ancestry]
   166 | D:1      | Reached XP level 2. HP: 22/23 MP: 2/2
   419 | D:1      | Found Ziclyiff's Weapon Shoppe.
   534 | D:1      | Found Qiamyra's Antique Weapon Shop.
   640 | D:1      | Found Guihaos's Armour Shoppe.
   824 | D:2      | Reached XP level 3. HP: 28/29 MP: 3/3
   839 | D:2      | Found Famugu's Weapon Shoppe.
   953 | D:2      | Found a faded altar of an unknown god.
   996 | D:2      | Found an iron altar of Okawaru.
  1018 | D:2      | Became a worshipper of Warmaster Okawaru
  1781 | D:1      | Bought 3 curare-tipped darts for 19 gold pieces
  2111 | D:3      | Reached XP level 4. HP: 36/37 MP: 4/4
  2152 | D:3      | You fall into a shaft and drop 2 floors!
  2152 | D:5      | Entered Level 5 of the Dungeon
  2152 | D:5      | Noticed Ijyb
  2153 | D:5      | Paralysed by Ijyb for 7 turns
  2157 | D:5      | Noticed a phantom
  2167 | D:5      | Paralysed by Ijyb for 2 turns
  2174 | D:5      | Killed a phantom
  2175 | D:5      | Reached skill level 1 in Crossbows
  2175 | D:5      | Reached XP level 5. HP: 29/43 MP: 5/5
  2177 | D:5      | Killed Ijyb
  2178 | D:5      | Reached skill level 2 in Crossbows
  2524 | D:5      | Noticed a phantom
  2553 | D:5      | Killed a phantom
  2553 | D:5      | Reached * piety under Okawaru
  2554 | D:5      | Reached skill level 3 in Crossbows
  2554 | D:5      | Reached skill level 1 in Evocations
  2554 | D:5      | Gained mutation: You have a tail ending in a sharp stinger.
                  | [demonic ancestry]
  2554 | D:5      | Reached XP level 6. HP: 50/50 MP: 6/6
  2555 | D:5      | Reached skill level 5 in Fighting
  2695 | D:5      | Found Ygokh's Gadget Gallery.
  2716 | D:5      | Noticed a sky beast
  2734 | D:5      | Killed a sky beast
  2735 | D:5      | Reached skill level 1 in Invocations
  3229 | D:4      | Gained mutation: You are partially covered in icy blue
                  | scales. (AC +2) [demonic ancestry]
  3229 | D:4      | Reached XP level 7. HP: 55/56 MP: 8/8
  3238 | D:4      | Noticed Blork the orc
  3250 | D:4      | Killed Blork the orc
  3268 | D:4      | Reached skill level 4 in Crossbows
  3287 | D:4      | Found a glowing drain.
  3302 | Sewer    | Entered a sewer
  3691 | Sewer    | Reached ** piety under Okawaru
  3705 | Sewer    | Identified the +1 robe of Chill Winds {rElec rCorr}
  4045 | D:4      | Reached skill level 5 in Crossbows
  4263 | D:4      | Gained mutation: You regenerate a little health from kills.
                  | [demonic ancestry]
  4263 | D:4      | Reached XP level 8. HP: 49/62 MP: 11/11
  4693 | D:4      | Reached skill level 6 in Crossbows
  5730 | D:5      | Noticed a troll
  5740 | D:5      | Killed a troll
  5891 | D:6      | Reached skill level 7 in Crossbows
  6062 | D:6      | Reached *** piety under Okawaru
  6258 | D:6      | Reached skill level 8 in Crossbows
  6829 | D:6      | Gained mutation: You are mostly covered in icy blue scales.
                  | (AC +3) [demonic ancestry]
  6829 | D:6      | Reached XP level 9. HP: 68/68 MP: 12/12
  7404 | D:6      | Reached skill level 9 in Crossbows
  7723 | D:7      | Found a flagged portal.
  7782 | Bailey   | Entered a bailey
  8553 | Bailey   | Reached skill level 10 in Crossbows
  8847 | Bailey   | Noticed a gargoyle
  8861 | Bailey   | Gained mutation: Your mind is acute. (Int +2) [potion of
                  | mutation]
  8861 | Bailey   | Gained mutation: Your spells are a little harder to cast,
                  | but a little more powerful. [potion of mutation]
  8861 | Bailey   | Gained mutation: You have sharp toenails. [potion of
                  | mutation]
  8865 | Bailey   | HP: 2/102 [gargoyle/stone arrow (9)]
  8866 | Bailey   | Killed from afar by a gargoyle

Illustrated notes

Levels and vault maps discovered:
D:1:      evilmike_arrival_hilbert_curve, layout_loops_ring, serial_shops,
          nicolae_shop_overgrown_old_shop, shop, nicolae_shop_advertising_works
          [nicolae_subvault_shop_adworks], nicolae_diamond_shop, shop
D:2:      layout_rooms, hellmonk_ecumenical_altar_leap_of_faith, serial_shops,
          nicolae_shop_hallway_plus, basic_altar
D:3:      layout_rooms, tso_oasis_becter, palyth_stone_intersect,
          minmay_misc_feat_four_crosses, minmay_quantized
D:4:      layout_cave_pods, cheibrodos_sewer_entry_drain, minmay_unequal,
          uniq_blork_the_orc
D:5:      layout_layer_cave, nicolae_shop_gadgets, uniq_ijyb
D:6:      layout_basic
D:7:      layout_loops_corners, minmay_temple_entry_statues_pillars,
          enter_bailey_5, centaur_isle
Bailey:   bailey_polearm_vampire_castle_hellmonk, bailey

Skill      XL: |  1  2  3  4  5  6  7  8  9 |
---------------+----------------------------+-----
Fighting       | 3 4 5 |  5.3
Throwing       | 2 |  2.0
Crossbows      | 1 3 5 8 10 | 10.0
Evocations     | 1 2 4 |  4.0
Invocations    | 2 4 |  4.0
Axes           | |  2.6
Dodging        | |  2.6

Action                   |  1- 3 |  4- 6 |  7- 9 || total
-------------------------+-------+-------+-------++-------
Melee: War axe           |   121 |    49 |   467 ||   637
       Tailslap          |    13 |     6 |    72 ||    91
       Punch             |       |       |     6 ||     6
 Fire: Hand crossbow     |       |    18 |    70 ||    88
Throw: Dart              |       |     4 |    21 ||    25
       Throwing net      |       |       |     1 ||     1
Invok: Heroism           |       |     1 |     3 ||     4
Evoke: Wand              |       |     1 |     2 ||     3
  Use: Scroll            |     2 |     5 |     1 ||     8
       Potion            |       |     1 |     3 ||     4
 Stab: Invisible         |       |     2 |       ||     2
       Paralysed         |       |     7 |     3 ||    10
Armor: Leather armour    |    34 |       |       ||    34
       Scale mail        |     5 |    32 |   349 ||   386
       Skin              |       |       |     1 ||     1
Dodge: Dodged            |    77 |    51 |   388 ||   516
